2639 views
Uploaded 2020-02-12 17:49:59
Game version 1.32 / 1.32.1
14:09 long 2on2 ladder game on (4)TwistedMeadows
Saved by iggythefisk
2639 views
Uploaded 2020-02-12 17:49:59
Game version 1.32 / 1.32.1
14:09 long 2on2 ladder game on (4)TwistedMeadows


49 units @ 6.9k
/ 0.8k
24 buildings @ 3.9k
/ 1.5k


| Moonstone | 1 | 50 |
| Lesser Clarity Potion | 1 | 70 |
| Potion of Healing | 1 | 150 |
| total: | 3 | 270g |
| Wisp | 12 | 720 | / | 0 |
| Huntress | 8 | 1560 | / | 160 |
| Mountain Giant | 2 | 700 | / | 200 |
| Druid of the Talon | 3 | 435 | / | 60 |
| total: | 25 | 3415g | / | 420w |
| Ancient Protector | 3 | 405 | / | 240 |
| Altar of Elders | 1 | 180 | / | 50 |
| Moon Well | 4 | 720 | / | 160 |
| Hunter's Hall | 1 | 210 | / | 100 |
| Ancient of War | 1 | 150 | / | 60 |
| Ancient of Wonders | 1 | 90 | / | 30 |
| Ancient of Lore | 1 | 155 | / | 145 |
| Ancient of Wind | 2 | 300 | / | 280 |
| Tree of Ages | 1 | 320 | / | 180 |
| total: | 14 | 2210g | / | 1065w |
| 0:02 | Wisp |
| 0:03 | Wisp |
| 0:07 | Altar of Elders |
| 0:18 | Moon Well |
| 0:23 | Wisp |
| 0:31 | Wisp |
| 0:36 | Wisp |
| 0:37 | Wisp |
| 0:48 | Wisp |
| 1:11 | Wisp |
| 1:33 | Hunter's Hall |
| 1:34 | Wisp |
| 1:42 | Wisp |
| 1:56 | Ancient of War |
| 2:08 | Moon Well |
| 2:16 | Ancient of Wonders |
| 2:27 | Moon Well |
| 2:37 | Fan of Knives |
| 3:23 | Huntress |
| 3:30 | Ancient Protector |
| 3:56 | Huntress |
| 4:03 | Ancient Protector |
| 4:06 | Wisp |
| 4:06 | Wisp |
| 4:12 | Huntress |
| 5:03 | Tree of Ages |
| 5:05 | Huntress |
| 6:11 | Huntress |
| 6:22 | Moon Well |
| 6:51 | Huntress |
| 7:00 | Ancient Protector |
| 7:27 | Ancient of Lore |
| 8:44 | Force of Nature |
| 8:56 | Mountain Giant |
| 9:01 | Huntress |
| 9:15 | Ancient of Wind |
| 9:23 | Moonstone |
| 9:23 | Lesser Clarity Potion |
| 9:24 | Potion of Healing |
| 9:38 | Ancient of Wind |
| 10:07 | Mountain Giant |
| 10:35 | Blink |
| 10:51 | Druid of the Talon |
| 10:51 | Druid of the Talon |
| 10:53 | Huntress |
| 12:14 | Druid of the Talon |
| Right click | 362 |
| Select | 246 |
| Build/train/purchase | 53 |
| Select group | 21 |
| Use ability | 13 |
| Assign group | 12 |
| Minimap ping | 6 |
| Remove unit | 1 |

| Acolyte | 5 | 375 | / | 0 |
| Ghoul | 10 | 1200 | / | 0 |
| Crypt Fiend | 9 | 1935 | / | 360 |
| total: | 24 | 3510g | / | 360w |
| Spirit Tower | 2 | 290 | / | 80 |
| Crypt | 2 | 400 | / | 100 |
| Ziggurat | 5 | 750 | / | 250 |
| Altar of Darkness | 1 | 180 | / | 50 |
| Graveyard | 1 | 215 | / | 0 |
| Tomb of Relics | 1 | 130 | / | 30 |
| Halls of the Dead | 1 | 320 | / | 210 |
| total: | 10 | 1675g | / | 430w |
| 0:06 | Acolyte |
| 0:09 | Acolyte |
| 0:23 | Crypt |
| 0:33 | Ziggurat |
| 0:41 | Altar of Darkness |
| 1:28 | Ghoul |
| 1:28 | Ghoul |
| 1:35 | Cannibalize |
| 2:03 | Crypt |
| 2:07 | Graveyard |
| 2:23 | Ghoul |
| 2:24 | Ghoul |
| 2:48 | Carrion Beetles |
| 4:12 | Ziggurat |
| 4:13 | Ziggurat |
| 5:10 | Crypt Fiend |
| 5:10 | Crypt Fiend |
| 5:10 | Crypt Fiend |
| 5:10 | Crypt Fiend |
| 5:24 | Spirit Tower |
| 6:49 | Acolyte |
| 6:50 | Acolyte |
| 6:50 | Acolyte |
| 7:14 | Ghoul |
| 7:14 | Ghoul |
| 7:14 | Ghoul |
| 7:38 | Ziggurat |
| 7:43 | Ziggurat |
| 8:52 | Crypt Fiend |
| 8:52 | Crypt Fiend |
| 8:52 | Crypt Fiend |
| 8:58 | Spirit Tower |
| 9:11 | Tomb of Relics |
| 9:21 | Unholy Strength |
| 10:54 | Unholy Armor |
| 11:07 | Halls of the Dead |
| 11:13 | Ghoul |
| 11:13 | Ghoul |
| 11:13 | Ghoul |
| 12:06 | Crypt Fiend |
| 12:06 | Crypt Fiend |
| Right click | 182 |
| Select | 149 |
| Misc. action | 61 |
| Build/train/purchase | 45 |
| Assign group | 5 |
| Use ability | 2 |
| Esc | 1 |
68 units @ 9k
/ 0.6k
34 buildings @ 4.3k
/ 1.5k



| Healing Salve | 4 | 400 |
| Lesser Clarity Potion | 2 | 140 |
| Scroll of Speed | 1 | 50 |
| Scroll of Healing | 1 | 250 |
| Boots of Speed | 1 | 250 |
| total: | 9 | 1090g |
| Peon | 8 | 600 | / | 0 |
| Grunt | 11 | 2200 | / | 0 |
| Raider | 5 | 900 | / | 200 |
| total: | 24 | 3700g | / | 200w |
| Altar of Storms | 1 | 180 | / | 50 |
| Orc Burrow | 5 | 800 | / | 200 |
| Barracks | 1 | 180 | / | 50 |
| Voodoo Lounge | 2 | 260 | / | 60 |
| War Mill | 1 | 205 | / | 0 |
| Beastiary | 1 | 145 | / | 140 |
| Stronghold | 1 | 315 | / | 190 |
| Fortress | 1 | 325 | / | 190 |
| total: | 11 | 1770g | / | 500w |
| 0:01 | Peon |
| 0:05 | Altar of Storms |
| 0:10 | Peon |
| 0:18 | Peon |
| 0:20 | Orc Burrow |
| 0:33 | Barracks |
| 0:40 | Peon |
| 0:51 | Peon |
| 1:02 | Peon |
| 1:27 | Orc Burrow |
| 1:32 | Peon |
| 1:36 | Grunt |
| 1:43 | Peon |
| 1:59 | Voodoo Lounge |
| 2:16 | Wind Walk |
| 2:24 | Grunt |
| 2:39 | Grunt |
| 3:04 | Grunt |
| 3:47 | Stronghold |
| 4:07 | Orc Burrow |
| 4:18 | Healing Salve |
| 4:19 | Healing Salve |
| 4:46 | Lesser Clarity Potion |
| 4:46 | Scroll of Speed |
| 4:53 | Grunt |
| 5:12 | Lesser Clarity Potion |
| 5:34 | Orc Burrow |
| 5:35 | Grunt |
| 6:25 | Berserker Strength |
| 6:27 | Beastiary |
| 7:06 | Grunt |
| 7:10 | Critical Strike |
| 7:13 | Boots of Speed |
| 7:29 | Serpent Ward |
| 7:41 | Voodoo Lounge |
| 7:43 | Raider |
| 7:43 | Pillage |
| 8:00 | Grunt |
| 8:01 | Ensnare |
| 8:45 | Raider |
| 8:45 | Grunt |
| 8:47 | Healing Salve |
| 8:51 | Healing Salve |
| 8:52 | Healing Wave |
| 9:15 | Raider |
| 9:55 | Orc Burrow |
| 9:57 | Fortress |
| 10:12 | Scroll of Healing |
| 10:42 | Critical Strike |
| 11:27 | Grunt |
| 11:28 | Raider |
| 11:41 | Healing Wave |
| 12:32 | Wind Walk |
| 12:48 | Grunt |
| 12:49 | Raider |
| 13:01 | War Mill |
| 13:51 | Endurance Aura |
| Right click | 878 |
| Assign group | 486 |
| Select | 279 |
| Select group | 269 |
| Build/train/purchase | 75 |
| Misc. action | 48 |
| Use ability | 33 |
| Chat | 21 |
| Item give/drop | 3 |
| Remove unit | 1 |


| Scroll of Healing | 1 | 250 |
| Scroll of Protection | 1 | 150 |
| total: | 2 | 400g |
| Peasant | 23 | 1725 | / | 0 |
| Footman | 3 | 405 | / | 0 |
| Rifleman | 10 | 2050 | / | 300 |
| Sorceress | 4 | 620 | / | 80 |
| Priest | 4 | 540 | / | 40 |
| total: | 44 | 5340g | / | 420w |
| Scout Tower | 2 | 60 | / | 40 |
| Arcane Tower | 1 | 70 | / | 50 |
| Altar of Kings | 1 | 180 | / | 50 |
| Farm | 14 | 1120 | / | 280 |
| Barracks | 2 | 320 | / | 120 |
| Blacksmith | 1 | 140 | / | 60 |
| Town Hall | 1 | 385 | / | 205 |
| Arcane Sanctum | 2 | 300 | / | 280 |
| Keep | 1 | 320 | / | 210 |
| total: | 23 | 2505g | / | 1035w |
| 0:01 | Peasant |
| 0:06 | Altar of Kings |
| 0:09 | Peasant |
| 0:17 | Farm |
| 0:18 | Barracks |
| 0:20 | Peasant |
| 0:33 | Peasant |
| 0:42 | Peasant |
| 0:47 | Farm |
| 0:49 | Peasant |
| 1:02 | Peasant |
| 1:20 | Footman |
| 1:26 | Peasant |
| 1:41 | Farm |
| 1:43 | Footman |
| 1:56 | Peasant |
| 2:13 | Defend |
| 2:18 | Blacksmith |
| 2:21 | Peasant |
| 2:24 | Summon Water Elemental |
| 3:15 | Brilliance Aura |
| 3:19 | Town Hall |
| 3:21 | Footman |
| 3:43 | Peasant |
| 3:43 | Peasant |
| 3:44 | Rifleman |
| 3:51 | Farm |
| 4:18 | Farm |
| 4:19 | Farm |
| 4:36 | Summon Water Elemental |
| 4:46 | Rifleman |
| 4:47 | Peasant |
| 5:11 | Peasant |
| 5:12 | Peasant |
| 5:13 | Peasant |
| 5:20 | Scout Tower |
| 5:28 | Peasant |
| 5:35 | Peasant |
| 5:59 | Peasant |
| 6:01 | Keep |
| 6:02 | Rifleman |
| 6:12 | Peasant |
| 6:21 | Rifleman |
| 6:47 | Peasant |
| 6:51 | Scout Tower |
| 7:17 | Arcane Tower |
| 7:19 | Peasant |
| 7:25 | Rifleman |
| 7:29 | Peasant |
| 7:48 | Rifleman |
| 8:19 | Rifleman |
| 8:30 | Brilliance Aura |
| 8:38 | Arcane Sanctum |
| 8:38 | Arcane Sanctum |
| 8:59 | Farm |
| 9:00 | Farm |
| 9:01 | Farm |
| 9:11 | Black Gunpowder |
| 9:20 | Barracks |
| 9:24 | Farm |
| 9:25 | Sorceress |
| 9:25 | Priest |
| 9:42 | Rifleman |
| 9:44 | Storm Bolt |
| 9:47 | Priest |
| 9:47 | Sorceress |
| 10:12 | Scroll of Healing |
| 10:14 | Scroll of Protection |
| 11:04 | Rifleman |
| 11:04 | Priest |
| 11:28 | Bash |
| 11:29 | Summon Water Elemental |
| 11:32 | Rifleman |
| 11:33 | Sorceress |
| 11:57 | Long Rifles |
| 12:00 | Farm |
| 12:43 | Storm Bolt |
| 12:56 | Priest |
| 13:15 | Sorceress |
| 13:17 | Farm |
| 13:18 | Farm |
| 13:18 | Farm |
| 13:27 | Refined Gunpowder |
| Right click | 1032 |
| Select | 493 |
| Select group | 394 |
| Build/train/purchase | 102 |
| Assign group | 67 |
| Misc. action | 20 |
| Use ability | 9 |
| Minimap ping | 7 |
| Remove unit | 2 |
โ